 Dungeon Crawl Stone Soup version 0.29-a0-995-g8a7feb118f (webtiles) character file.

Game seed: 17220691267881433201

744 M4edhros the Insei (level 7, -1/43 HPs)
             Began as an Octopode Artificer on Aug 4, 2022.
             Slain by a gnoll
             ... wielding a +0 whip
              (7 damage)
             ... on level 5 of the Dungeon.
             The game lasted 00:06:39 (790 turns).

M4edhros the Insei (Octopode Artificer)              Turns: 790, Time: 00:06:40

Health: -1/43      AC:  1    Str: 11    XL:     7   Next: 76%
Magic:  7/7        EV: 15    Int: 13    God:
Gold:   46         SH:  0    Dex: 15    Spells: 1/6 levels left

rFire   . . .      SeeInvis .     - Unarmed
rCold   . . .      Faith    .   (no shield)
rNeg    . . .      Spirit   .   (helmet restricted)
rPois   .          Reflect  .   (no amulet)
rElec   .          Harm     .   (no ring)
rCorr   .          Rampage  .   (no ring)
Will    .....                   (no ring)
Stlth   +++.......              (no ring)
HPRegen 0.14/turn               (no ring)
MPRegen 0.10/turn               (no ring)
                                (no ring)
                                (no ring)

@: mighty, weakened, attractive
A: almost no armour, amphibious, 8 rings, camouflage 1, gelatinous body 1,
(nimble swimmer 1), tentacles
a: no special abilities


You were on level 5 of the Dungeon.
You visited 1 branch of the dungeon, and saw 5 of its levels.

You collected 68 gold pieces.
You spent 22 gold pieces at shops.

Inventory:

Hand Weapons
 g - a +0 sling
Missiles
 h - 6 poisoned darts
 m - a throwing net
Wands
 b - a wand of flame (6) (quivered)
 c - a wand of charming (6)
 d - a wand of iceblast (5)
Scrolls
 e - 3 scrolls of identify
 f - a scroll of enchant armour {unknown}
 j - a scroll of noise {unknown}
 l - a scroll of teleportation {unknown}
Potions
 a - a potion of flight


   Skills:
 - Level 1.0 Fighting
 + Level 4.7 Dodging
 - Level 1.3 Stealth
 * Level 5.8 Unarmed Combat
 + Level 2.5 Transmutations
 + Level 3.1 Poison Magic
 - Level 3.2 Evocations


You had one spell level left.
You knew the following spells:

 Your Spells              Type           Power      Damage    Failure   Level
a - Spider Form           Tmut/Pois      7%         N/A       30%         3
b - Poisonous Vapours     Pois/Air       8%         N/A       26%         2

Your spell library contained the following spells:

 Spells                   Type           Power      Damage    Failure   Level
 Beastly Appendage        Tmut           12%        N/A       11%         1
 Wereblood                Tmut           6%         N/A       17%         2
 Corpse Rot               Necr/Pois/Air  2%         N/A       90%         4


Dungeon Overview and Level Annotations

Branches:
Dungeon (5/15)
 Temple: D:4-7

Altars:

Shops:
D:3 :   D:4 ?

Annotations:
D:5 1 transporter, Kinoniko's ghost, novice MiHu


Innate Abilities, Weirdness & Mutations

You cannot wear most types of armour.
You are amphibious.
You can wear up to eight rings at the same time.
Your skin changes colour to match your surroundings (Stealth+).
Your rubbery body absorbs attacks. (AC +1, EV +1)
((You are camouflaged when in or above water. (Stealth+)))
You have tentacles for arms and can constrict up to eight enemies at once.


Message History

The gnoll bouda closely misses you.
You tentacle-slap the gnoll bouda but do no damage.
The gnoll bouda is lightly wounded.
You constrict the gnoll bouda.
The gnoll hits Kinoniko's ghost but does no damage.
The gnoll hits you from afar with a +1 spear of pain.
You writhe in agony.
Your gnoll hits the gnoll bouda from afar with a +2 spear of chaos.
The gnoll bouda gazes fiercely through you!
You feel your attacks grow feeble. The gnoll bouda closely misses you.
You tentacle-slap the gnoll bouda but do no damage.
The gnoll bouda is moderately wounded.
You constrict the gnoll bouda.
The gnoll hits you from afar with a +1 spear of pain!
* * * LOW HITPOINT WARNING * * *
Kinoniko's ghost hits the gnoll!
The gnoll dies!
Your gnoll hits the gnoll bouda from afar with a +2 spear of chaos.
The gnoll bouda seems to speed up.
The gnoll bouda barks out a call to the hunt!
The gnolls pick up the pace!
Okay, then.
It was a potion of attraction.
You feel attractive to monsters.
You constrict the gnoll bouda, but do no damage.
The gnoll bouda struggles to escape constriction.
The gnoll hits Kinoniko's ghost with a +0 whip.
Kinoniko's ghost hits the gnoll.
The gnoll is poisoned.
Your gnoll hits the gnoll bouda from afar with a +2 spear of chaos.
Your gnoll drains the gnoll bouda.
The gnoll bouda dies!
The gnoll is attracted toward you. x2
It was a potion of might.
You feel very mighty all of a sudden.
Your gnoll barely misses the gnoll.
The gnoll hits you with a +0 whip.
* * * LOW HITPOINT WARNING * * *
Kinoniko's ghost hits the gnoll!
The gnoll is poisoned.
The gnoll attacks as you move away! The gnoll hits you with a +0 whip!
You die...

#.#.≈≈.##.##.##.##.≈≈..#
#.#.≈≈..#.#..P#.#......# #
#.~~.©#.))©.'.#©.....#
#.≈≈..#§#8⌠8#.#......# #
#.≈≈.##.#####.##.≈≈..#
#.#.≈≈.#.W#":$#..#.≈≈..#
###.#.≈≈.##g#..$#.##.≈≈..#
......≈≈..#g#$$$#.#..≈≈..#
####..≈≈###@##'##.###≈≈..#
#..≈≈#.g.).......#≈≈..#
#..≈≈##.###.###.##≈≈..#
#..≈≈#..#8###8#g.#≈≈..#
##.≈≈####.....####≈≈..#
#.≈≈≈≈≈≈≈≈~≈≈≈≈≈≈≈≈..#
#.≈≈≈≈≈≈≈≈~≈≈≈≈≈≈≈≈..#
#....................#
#######..#############


You could see 2 gnolls, the friendly Kinoniko's ghost (charmed) and a friendly
gnoll (charmed).

Vanquished Creatures
  Grinder (D:4)
  Sigmund (D:2)
  A black bear (D:4)
  An ogre (D:4)
  A jelly (D:5)
  4 adders
  2 worms (D:3)
  A dart slug (D:4)
  2 endoplasms (D:2)
  A hobgoblin (D:4)
  3 jackals (D:2)
  2 quokkas
  A ball python (D:2)
  2 frilled lizards
  A goblin (D:1)
  2 kobolds
  A rat (D:2)
27 creatures vanquished.

Vanquished Creatures (collateral kills)
  A gnoll sergeant (D:5)
  A gnoll bouda (D:5)
  A hound (D:4)
  A gnoll (D:5)
4 creatures vanquished.

Vanquished Creatures (others)
  A gnoll sergeant (D:5)
  A jelly (D:4)
  A plant (D:5)
3 creatures vanquished.

Grand Total: 34 creatures vanquished

Notes
Turn   | Place    | Note
-------+----------+-------------------------------------------
     0 | D:1      | M4edhros the Octopode Artificer began the quest for the
                  | Orb.
     0 | D:1      | Reached XP level 1. HP: 13/13 MP: 1/1
    79 | D:2      | Noticed Sigmund
    85 | D:2      | Killed Sigmund
    86 | D:2      | Reached skill level 3 in Unarmed Combat
    86 | D:2      | Reached XP level 2. HP: 18/18 MP: 2/2
    86 | D:2      | Reached XP level 3. HP: 23/23 MP: 3/3
    86 | D:2      | Reached XP level 4. HP: 28/28 MP: 4/4
    86 | D:2      | Reached XP level 5. HP: 33/33 MP: 5/5
   110 | D:2      | Reached skill level 4 in Unarmed Combat
   236 | D:2      | Learned a level 3 spell: Spider Form
   237 | D:3      | Found Doliroos's Book Boutique.
   292 | D:4      | Found Kil Xiaw's Magic Scroll Emporium.
   298 | D:4      | Bought a scroll of identify for 22 gold pieces
   330 | D:4      | Noticed Grinder
   379 | D:4      | HP: 2/49 [Grinder (4)]
   387 | D:4      | Killed Grinder
   388 | D:4      | Reached skill level 5 in Unarmed Combat
   388 | D:4      | Reached skill level 1 in Transmutations
   388 | D:4      | Reached skill level 1 in Poison Magic
   388 | D:4      | Reached XP level 6. HP: 3/38 MP: 6/6
   494 | D:4      | Noticed a black bear
   496 | D:4      | Reached XP level 7. HP: 8/43 MP: 7/7
   638 | D:5      | Entered Level 5 of the Dungeon
   656 | D:5      | Learned a level 2 spell: Poisonous Vapours
   674 | D:5      | Found a transporter.
   676 | D:5      | Identified the +4 ring mail "Loczeurchi" {rPois rF+ rC+
                  | Dex+2}
   676 | D:5      | Identified the +3 buckler of Rurchihue {Int+4}
   677 | D:5      | Found a transporter.
   683 | D:5      | Noticed Kinoniko's ghost (novice MiHu)
   790 | D:5      | Slain by a gnoll

Illustrated notes

Levels and vault maps discovered:
D:1:      dpeg_arrival_pond, layout_loops_corners, ebering_ecumenical_altar_webs
D:2:      layout_basic, minmay_vboxes, uniq_sigmund
D:3:      layout_basic, serial_shops, nicolae_square_shop
D:4:      layout_basic, serial_shops, nicolae_shop_crystal, uniq_ijyb,
          uniq_grinder
D:5:      layout_loops_ring, minmay_temple_entry_drinking_statues,
          gammafunk_ghost_gnarly_gnolls, serial_rivers,
          chequers_serial_rivers_room_b, chequers_serial_rivers_micro_a,
          chequers_serial_rivers_small_3, chequers_serial_rivers_room_a,
          chequers_serial_rivers_small_3

Skill      XL: |  1  2  3  4  5  6  7 |
---------------+----------------------+-----
Dodging        | 3 4 |  4.7
Unarmed Combat | 3 5 |  5.8
Transmutations | 1 2 |  2.5
Poison Magic   | 1 2 3 |  3.1
Fighting       | |  1.0
Stealth        | |  1.3
Evocations     | |  3.2

Action                   |  1- 3 |  4- 6 |  7- 9 || total
-------------------------+-------+-------+-------++-------
Melee: Club              |     1 |     4 |       ||     5
       Unarmed           |       |    49 |    14 ||    63
       Tentacles         |       |    10 |     1 ||    11
       Constrict         |       |     9 |     3 ||    12
       Punch             |       |     2 |     1 ||     3
Evoke: Wand              |     3 |     7 |    12 ||    22
  Use: Potion            |       |     2 |     2 ||     4
 Stab: Sleeping          |     1 |       |       ||     1
Armor: Skin              |       |     8 |     1 ||     9
Dodge: Dodged            |     1 |    27 |     8 ||    36

Table legend: (Time is in decaauts)
 A = Elapsed time spent in this place.
 B = Non-inter-level travel time spent in this place.
 C = Inter-level travel time spent in this place.
 D = Time resting spent in this place.
 E = Time spent auto-exploring this place.
 F = Levels seen in this place.
 G = Mean time per level.
                   A        B        C        D        E       F      G
               +--------+--------+--------+--------+--------+-----+--------+
         Total |    785 |    750 |     35 |      8 |     67 |   5 |  157.0 |
       Dungeon |    785 |    750 |     35 |      8 |     67 |   5 |  157.0 |
               +--------+--------+--------+--------+--------+-----+--------+

Top non-repeatable levels by time:
     D:4: 343 daAuts
     D:2: 181 daAuts
     D:5: 151 daAuts
     D:1: 55 daAuts
     D:3: 54 daAuts
